AoeStats
← Onestepbeyond

Arabia

508050226Analyzed
1v1 RM · 11d ago on Sep 20, 2026· 52m 10s· 2 players
Game mode
Random Map
Map size
Tiny (2 player)
Population
200
Speed
Normal
Resources
Standard
Victory
Conquest
Starting age
Dark Age
Ending age
Imperial Age
RankedLock teamsTeams togetherTeam positionsShared explorationLock speedFull tech treeHidden civsTurbo modeCheats
Victory
Defeat
🇫🇷 Vietnamese · France
851
+19
🇺🇸 Saracens · United States
914
-19
Onestepbeyond
7:45 Loom
10:18 Feudal Age
11:18 Man-at-Arms
19:06 Castle Age
18:32 Double-Bit Axe
18:31 Horse Collar
26:46 Squires
27:31 Gold Mining
28:23 Heavy Plow
28:41 Bow Saw
30:07 Elite Skirmisher
35:58 Imperial Age
33:35 Fletching
33:42 Stone Mining
36:39 Imperial Skirmisher
37:24 Padded Archer Armor
39:34 Hoardings
38:49 Arson
40:45 Two-Man Saw
40:24 Stone Shaft Mining
40:36 Ballistics
41:17 Chemistry
41:19 Pikeman
42:29 Bodkin Arrow
43:13 Halberdier
47:34 Forging
49:44 Iron Casting
OracleSupremacy
5:21 Loom
5:44 Loom
10:04 Feudal Age
12:03 Double-Bit Axe
12:34 Horse Collar
23:00 Castle Age
23:49 Fletching
25:08 Bodkin Arrow
24:37 Crossbowman
25:55 Bow Saw
25:39 Gold Mining
25:52 Heavy Plow
27:47 Wheelbarrow
29:21 Wheelbarrow
31:04 Hand Cart
30:59 Stone Mining
33:58 Padded Archer Armor
36:25 Husbandry
36:37 Bloodlines
35:54 Light Cavalry
37:08 Scale Barding Armor
37:13 Forging
38:44 Ballistics
38:50 Chain Barding Armor
38:27 Town Watch
42:48 Iron Casting
42:29 Leather Archer Armor
45:04 Town Patrol
47:35 Imperial Age
46:19 Light Cavalry
50:42 Plate Barding Armor
51:09 Blast Furnace
50:10 Bracer
50:07 Arbalester
50:53 Thumb Ring
Connection lost

Rejoining the realm…

Still unreachable

The connection could not be restored.

Session expired

The server has moved on; the page needs a fresh start.